Unix NetHack Version 5.0.0-0 post-release - last build Jun 10 2026 00:39:30 (3ee93aec679c4c4259841fe613dc97188e26a321,branch:main).

Game began 2026-06-15 18:51:01, ended 2026-06-15 19:50:32.

LDaviesPeters, neutral female human Archeologist

                                                               -------------
                                      ----------------         |...........|
                                      ...............|       # |...........|
                                      |....<.........|      ###....-----...|
                                      |..............|######## |...| ..|...|
                                      --------.-------#  ######+...| ..|...|
                                             ##########        |...|  .|.).|
                                                   #####       ....---|-...|
                                                               |..M@.......|
                                                               |...........|
                                                               -------------

LDaviesPeters the Investigator  St:13 Dx:13 Co:16 In:15 Wi:13 Ch:8  Neutral
Dlvl:8  $:0  HP:0(50) Pw:26(26) AC:3  Xp:6 T:5011 

Latest messages:
 r - a dagger (at the ready).
 You see here a dagger.
 r - a dagger (at the ready) (2 in total).
 You climb up the stairs.
 What do you want to use or apply? [abfgklopBLR or ?*] b
 You put a scroll of light into the sack.
 You stop.  Your dog is in the way!
 You swap places with your dog.
 The door opens.
 You feel yourself slow down.
 The sewer rat misses!
 The sewer rat misses!
 The sewer rat bites!
 The sewer rat bites!
 You hear some noises.
 The dog bites the sewer rat.
 The sewer rat is killed!
 The dog bites the sewer rat.
 The sewer rat misses the dog.
 The dog bites the sewer rat.
 The sewer rat is killed!
 You hear some noises in the distance.
 You hear bubbling water.
 You descend the stairs.
 The wolf turns into a gnomish wizard!
 The gnomish wizard casts a spell!
 The gnomish wizard turns into a giant rat!
 You see here 6 crude arrows.
 The giant rat turns into a hell hound pup!
 The door opens.
 The hell hound pup bites!
 The hell hound pup bites!
 You lash the hell hound pup!
 The hell hound pup bites!
 The hell hound pup turns into a human mummy!
 You miss the human mummy.
 The human mummy hits!
 The human mummy hits again!
 You lash the human mummy!
 The human mummy hits!
 The human mummy hits again!
 You lash the human mummy!
 The human mummy hits!
 The human mummy hits again!
 You die...
 Do you want your possessions identified? [ynq] (y) y
 Do you want to see your attributes? [ynq] (y) y
 Do you want an account of creatures vanquished? [ynaq] (y) n
 Do you want to see your conduct and achievements? [ynq] (y) y
 Do you want to see the dungeon overview? [ynq] (y) n

Inventory:
 Amulets  ('"')
  x - an uncursed amulet of ESP (being worn)
 Weapons  (')')
  r - 2 +0 daggers (at the ready)
  a - a +2 bullwhip (weapon in right hand)
 Armor    ('[')
  i - an uncursed +1 orcish helm (being worn)
  C - a blessed +1 pair of elven boots (being worn)
  v - an uncursed +0 shield of drain resistance (being worn)
  F - an uncursed +0 elven cloak (being worn)
  m - an uncursed +0 Hawaiian shirt with a palm tree motif (being worn)
  h - an uncursed +0 leather jacket (being worn)
 Comestibles  ('%')
  j - an uncursed slime mold
  W - an uncursed carrot
  U - 4 uncursed cram rations
  d - 4 uncursed food rations
  y - 4 uncursed fortune cookies
 Rings    ('=')
  t - an uncursed ring of fire resistance (on left hand)
  q - a blessed +1 ring of increase damage (on right hand)
  s - an uncursed ring of shock resistance
 Wands    ('/')
  L - a wand of digging (0:3)
  o - a wand of fire (0:3)
  R - a wand of speed monster (0:5)
 Tools    ('(')
  b - an uncursed sack containing 8 items
  p - a frost horn (0:6)
  l - an uncursed oil lamp
  k - an uncursed skeleton key
  f - a tinning kit (0:65)
  B - an uncursed towel
 Gems/Stones  ('*')
  D - an uncursed obsidian stone
  g - an uncursed touchstone

Contents of the sack:
  295 gold pieces
  an uncursed scroll of identify
  an uncursed scroll of light
  an uncursed scroll of punishment
  an uncursed potion of hallucination
  an uncursed potion of monster detection
  an uncursed potion of object detection
  a +0 pick-axe

LDaviesPeters the Archeologist's attributes:

Background:
 You were an Investigator, a level 6 female human Archeologist.
 You were neutral, nominally on a mission for Camaxtli
 who was opposed by Quetzalcoatl (lawful) and Huhetotl (chaotic).
 You were right-handed.
 You were in the Dungeons of Doom, on level 8.
 You entered the dungeon 5011 turns ago.
 There was a new moon in effect when your adventure ended.
 You had 612 experience points, 28 more were needed to attain level 7.

Basics:
 You had 0 out of 50 hit points.
 You had all 26 energy points (spell power).
 Your armor class was 3.
 Your wallet was empty, but
 you had 295 zorkmids stashed away in your pack.
 Autopickup was off.

Final Characteristics:
 Your strength was 13 (limit:18/100).
 Your dexterity was 13 (limit:18).
 Your constitution was 16 (limit:18).
 Your intelligence was 15 (limit:18).
 Your wisdom was 13 (limit:18).
 Your charisma was 8 (limit:18).

Final Status:
 You weren't hungry.
 You were unencumbered.
 You were wielding a whip.
 You were skilled in whip.

Final Attributes:
 You were piously aligned.
 You were fire resistant.
 Your items were protected from fire.
 You were poison resistant.
 You were level-drain resistant.
 You were telepathic.
 You had automatic searching.
 You were stealthy.
 You had a small damage bonus (+1).
 You were warded.
 You are dead.

Miscellaneous:
 You didn't encounter any bones levels.
 Total elapsed playing time was 59 minutes and 31 seconds.

Major events:
 Turn
    1: LDaviesPeters the neutral female human Archeologist entered the dungeon
 2273: attained the rank of Field Worker (level 3)
 2587: entered the Gnomish Mines
 4438: attained the rank of Investigator (level 6)
 5011: killed by a chameleon imitating a human mummy

Spells:
 Name                 Level Category     Fail Retention
 clairvoyance           3   divination   100%  76%-100%
 healing                1   healing       50%  76%-100%

Skills:
 Fighting Skills
   bare handed combat [Unskilled]
   two weapon combat  [Unskilled]
   riding             [Unskilled]
 Weapon Skills
   dagger             [Unskilled]
   knife              [Unskilled]
   pick-axe           [Basic]
   short sword        [Unskilled]
   saber              [Unskilled]
   club               [Unskilled]
   quarterstaff       [Unskilled]
   sling              [Unskilled]
   dart               [Unskilled]
   boomerang          [Unskilled]
   whip               [Skilled]
   unicorn horn       [Unskilled]
 Spellcasting Skills
   attack spells      [Unskilled]
   healing spells     [Unskilled]
   divination spells  [Unskilled]
   matter spells      [Unskilled]

Voluntary challenges:
 Character rerolling was not enabled.
 You were an atheist.
 You never genocided any monsters.
 You never polymorphed an object.
 You never changed form.
 You used no wishes.
Achievements:
 You entered a shop.
 You attained the rank of Field Worker.
 You entered the Gnomish Mines.
 You attained the rank of Investigator.

 The Dungeons of Doom: levels 1 to 8
    Level 1:
       A fountain.
    Level 2:
       An armor shop, a sink.
    Level 3:
       A general store, a fountain.
    Level 4:
       Stairs down to The Gnomish Mines.
    Level 5:
       A fountain.
    Level 6:
       A throne.
    Level 7:
    Level 8: <- You were here.
       Final resting place for
          you, killed by a chameleon imitating a human mummy.
 The Gnomish Mines:
    Level 5:


Vanquished creatures:
  a leprechaun
  a jaguar
  a snake
  a rock piercer
  a fog cloud
  a gnome leader
  a gray ooze
  4 giant ants
  6 floating eyes
  2 kittens
  2 dwarves
  a homunculus
  a kobold shaman
  2 hill orcs
  a giant bat
  a wererat
 an iguana
 10 killer bees
  2 acid blobs
  a hobbit
  a large kobold
  2 hobgoblins
  3 giant rats
  2 yellow molds
  a green mold
  a red mold
  2 gnome zombies
  5 geckos
  6 jackals
  3 foxes
  2 goblins
  2 sewer rats
  5 grid bugs
  2 bats
  5 lichens
  2 kobold zombies
 10 newts
95 creatures vanquished.

No species were genocided or became extinct.

Game over:
                       ----------
                      /          \
                     /    REST    \
                    /      IN      \
                   /     PEACE      \
                  /                  \
                  |  LDaviesPeters   |
                  |      295 Au      |
                  |   killed by a    |
                  |    chameleon     |
                  |   imitating a    |
                  |   human mummy    |
                  |       2026       |
                 *|     *  *  *      | *
        _________)/\\_//(\/(/\)/\//\/|_)_______

Goodbye LDaviesPeters the Archeologist...

You died in The Dungeons of Doom on dungeon level 8 with 3084 points,
and 295 pieces of gold, after 5011 moves.
You were level 6 with a maximum of 50 hit points when you died.

